 Dungeon Crawl Stone Soup version 0.28-a0-1159-g27aa881441 (webtiles) character file.

Game seed: 8099741449694130864

751 lonewolfV2 the Covered (level 7, 0/66 HPs)
             Began as a Deep Dwarf Fighter on Dec 15, 2021.
             Slain by a gnoll (9 damage)
             ... on level 5 of the Dungeon.
             The game lasted 00:13:05 (3541 turns).

lonewolfV2 the Covered (Deep Dwarf Fighter)         Turns: 3541, Time: 00:13:06

Health: 0/66       AC: -19   Str: 19    XL:     7   Next: 49%
Magic:  9/9 (0)    EV: 12    Int: 15    God:
Gold:   246        SH:  5    Dex: 14    Spells: 6/6 levels left

rFire   + . .      SeeInvis .   a - +0 long sword
rCold   . . .      Faith    .   c - +0 buckler
rNeg    . . .      Spirit   .   g - +2 robe {rF+}
rPois   .          Reflect  .   (no helmet)
rElec   .          Harm     .   (no cloak)
rCorr   .          Rampage  .   (no gloves)
Will    +....                   (no boots)
Stlth   ++........              (no amulet)
HPRegen 0.00/turn               e - +6 ring of intelligence
MPRegen 0.11/turn               p - ring of magical power

@: mighty, corroded
A: damage resistance, heal wounds, sense surroundings 1, no regeneration
a: Heal Wounds


You were on level 5 of the Dungeon.
You visited 1 branch of the dungeon, and saw 5 of its levels.

You collected 250 gold pieces.
You donated 4 gold pieces to Zin.

Inventory:

Hand Weapons
 a - a +0 long sword (weapon)
 n - a +3 dagger of holy wrath
 r - a +2 hand axe of flaming
Missiles
 t - 3 throwing nets (quivered)
Armour
 b - a +0 scale mail
 c - a +0 buckler (worn)
 g - a +2 robe of fire resistance (worn)
Magical Staves
 o - a staff of fire
Jewellery
 e - a +6 ring of intelligence (left hand)
 p - a ring of magical power (right hand)
Wands
 k - a wand of flame (17)
Scrolls
 h - 2 scrolls of vulnerability
 i - a scroll of enchant weapon {unknown}
 j - a scroll of teleportation
Potions
 f - a potion of invisibility
 l - a potion of magic
 m - a potion of attraction


   Skills:
 + Level 4.6 Fighting
 + Level 0.2(2.7) Short Blades
 + Level 4.9(5.0) Long Blades
 + Level 5.1 Armour
 + Level 2.6 Dodging
 + Level 0.6 Stealth
 + Level 4.5 Shields


You had 6 spell levels left.
You didn't know any spells.
Your spell library contained the following spells:

 Spells                   Type           Power      Damage    Failure   Level
 Pain                     Necr           0%         1d4       26%         1
 Agony                    Necr           0%         N/A       100%        5
 Excruciating Wounds      Necr           0%         N/A       100%        5


Dungeon Overview and Level Annotations

Branches:
Dungeon (5/15)
 Temple: D:4-7

Altars:
Elyvilon
Kikubaaqudgha
Qazlal
Ru
Wu Jian
Xom
Zin


Innate Abilities, Weirdness & Mutations

You are resistant to damage.
You can heal yourself by infusing magical energy.
You passively map a small area around you.
You do not regenerate.


Message History

The jelly closely misses you. You block the gnoll sergeant's attack.
The adder closely misses you. The gnoll hits you with a +0 whip.
The gnoll hits you with a +0 whip!
Your magical essence is drained by the effort!
You feel much better. You block the jelly's attack.
The gnoll sergeant hits you from afar with a +0 trident.
The adder misses you. The gnoll hits you with a +0 whip.
The gnoll barely misses you.
You hit the adder but do no damage.
The adder is heavily wounded.
The jelly hits you.
You are splashed with acid.
You block the adder's attack.
The gnoll sergeant hits you from afar with a +0 trident!
The gnoll hits you with a +0 whip. You block the gnoll's attack.
The jelly hits you.
You are splashed with acid!
The adder bites you.
You hit the adder.
The adder is almost dead.
You block the gnoll sergeant's attack. The adder misses you.
The gnoll hits you with a +0 whip! You block the gnoll's attack.
You block the jelly's attack.
You hit the adder.
You kill the adder!
You are no longer poisoned.
The gnoll sergeant hits you from afar with a +0 trident!
* * * LOW HITPOINT WARNING * * *
The gnoll barely misses you. The gnoll hits you with a +0 whip.
* * * LOW HITPOINT WARNING * * *
The jelly barely misses you.
You don't have enough innate magic capacity.
Okay, then.
You barely miss the gnoll.
The gnoll is heavily wounded.
You block the gnoll sergeant's attack. The gnoll barely misses you. x2
The jelly barely misses you.
The gnoll sergeant completely misses you.
You hit the gnoll but do no damage.
The gnoll is heavily wounded.
The gnoll hits you with a +0 whip.
* * * LOW HITPOINT WARNING * * *
The gnoll hits you with a +0 whip!
You die...

.............#.... ,
.....................
*, ,
#......<.....#.......
, *
...........###.......
...........#........#
*
....................#
,
......##............#
*
......##....g........
............@).......
,
...........J†g##.....
* ...#...##.g.## ...
.,##......## * . ,
........# ,,,
.#........ + , , *
,#....##..., ,, ,
...# ##..,,, , , >, *
+


You could see a gnoll sergeant, a jelly and 2 gnolls.

Vanquished Creatures
  Sigmund (D:3)
  A phantom (D:4)
  An orc priest (D:4)
  Ijyb (D:3)
  Jessica (D:3)
  2 orc wizards (D:4)
  Natasha (thrice) (D:3)
  An iguana (D:4)
  2 hound skeletons (D:4)
  12 gnolls
  5 adders
  3 worms
  2 dart slugs (D:1)
  5 orcs
  11 ball pythons
  3 bats
  6 endoplasms
  5 giant cockroaches
  4 hobgoblins
  9 jackals
  4 quokkas
  A frilled lizard (D:2)
  5 goblins
  6 kobolds
  13 rats
107 creatures vanquished.

Notes
Turn   | Place    | Note
-------+----------+-------------------------------------------
     0 | D:1      | lonewolfV2 the Deep Dwarf Fighter began the quest for the
                  | Orb.
     0 | D:1      | Reached XP level 1. HP: 20/20 MP: 1/1
   243 | D:1      | Reached XP level 2. HP: 25/27 MP: 2/2
   272 | D:1      | Found a faded altar of an unknown god.
   495 | D:1      | Reached XP level 3. HP: 25/33 MP: 3/3
   820 | D:2      | Found a glowing silver altar of Zin.
   832 | D:2      | Became a worshipper of Zin the Law-Giver
   834 | D:2      | Fell from the grace of Zin
  1185 | D:2      | Reached skill level 4 in Armour
  1501 | D:3      | Noticed Natasha
  1520 | D:3      | Killed Natasha
  1521 | D:3      | Reached XP level 4. HP: 21/42 MP: 3/3
  1524 | D:3      | Noticed Natasha
  1560 | D:3      | Killed Natasha
  1574 | D:3      | Noticed Sigmund
  1601 | D:3      | Killed Sigmund
  1602 | D:3      | Reached skill level 1 in Dodging
  1602 | D:3      | Reached XP level 5. HP: 36/50 MP: 3/3
  1602 | D:3      | Reached XP level 6. HP: 41/57 MP: 4/4
  1756 | D:3      | Noticed Ijyb
  1766 | D:3      | Killed Ijyb
  1767 | D:3      | Reached skill level 5 in Armour
  1807 | D:3      | Noticed Natasha
  1819 | D:3      | Killed Natasha
  1888 | D:3      | Noticed Jessica
  1896 | D:3      | Killed Jessica
  2280 | D:3      | Found an ancient bone altar of Kikubaaqudgha.
  2821 | D:4      | Reached XP level 7. HP: 53/64 MP: 5/5
  2845 | D:4      | Found a white marble altar of Elyvilon.
  2973 | D:4      | Found a stormy altar of Qazlal.
  3055 | D:4      | Found a shimmering altar of Xom.
  3327 | D:4      | Found a sacrificial altar of Ru.
  3329 | D:4      | Found an ornate altar of the Wu Jian Council.
  3481 | D:5      | Entered Level 5 of the Dungeon
  3520 | D:5      | HP: 1/66 [gnoll sergeant (16)]
  3525 | D:5      | HP: 1/66 [gnoll sergeant (12)]
  3541 | D:5      | Slain by a gnoll

Illustrated notes

Levels and vault maps discovered:
D:1:      zaba_arrival_water, layout_loops_cross,
          hellmonk_ecumenical_altar_arch_garden, minmay_misc_feat_four_crosses
D:2:      layout_basic, basic_altar
D:3:      layout_loops_ring, mainiacjoe_overflow_surrounded_room, uniq_natasha,
          uniq_ijyb, uniq_sigmund, uniq_jessica
D:4:      layout_loops_ring, mainiacjoe_overflow_small_starburst,
          mainiacjoe_overflow_chevrons, grunt_qazlal_sundering,
          nicolae_overflow_hidden_temple, chequers_serial_rivers_small_b
D:5:      layout_cave_pools, serial_gnoll_camp, gnoll_camp_huts_basic,
          gnoll_camp_mini_sergeant, gnoll_camp_mini_loothouse,
          gnoll_camp_medium_02

Skill      XL: |  1  2  3  4  5  6 |
---------------+-------------------+-----
Armour         | 4 5 |  5.1
Fighting       | 3 4 |  4.6
Long Blades    | 3 4 |  4.9
Shields        | 4 |  4.5
Dodging        | 1 2 |  2.6
Short Blades   | |  0.2
Stealth        | |  0.6

Action                   |  1- 3 |  4- 6 |  7- 9 || total
-------------------------+-------+-------+-------++-------
Melee: Long sword        |   132 |   166 |    80 ||   378
       Dagger            |       |    25 |       ||    25
Invok: Renounce Religion |     1 |       |       ||     1
 Abil: Heal Wounds       |     3 |    12 |    19 ||    34
  Use: Scroll            |       |     3 |     7 ||    10
       Potion            |       |     1 |     1 ||     2
 Stab: Sleeping          |       |     1 |     1 ||     2
Armor: Scale mail        |    84 |    29 |       ||   113
       Robe              |       |    24 |    20 ||    44
Dodge: Dodged            |   100 |   113 |   114 ||   327
Block: Buckler           |    59 |    44 |    40 ||   143

Table legend: (Time is in decaauts)
 A = Elapsed time spent in this place.
 B = Non-inter-level travel time spent in this place.
 C = Inter-level travel time spent in this place.
 D = Time resting spent in this place.
 E = Time spent auto-exploring this place.
 F = Levels seen in this place.
 G = Mean time per level.
                   A        B        C        D        E       F      G
               +--------+--------+--------+--------+--------+-----+--------+
         Total |   3663 |   3544 |    119 |     63 |   2125 |   5 |  732.6 |
       Dungeon |   3663 |   3544 |    119 |     63 |   2125 |   5 |  732.6 |
               +--------+--------+--------+--------+--------+-----+--------+

Top non-repeatable levels by time:
     D:3: 1077 daAuts
     D:4: 981 daAuts
     D:2: 808 daAuts
     D:1: 731 daAuts
     D:5: 63 daAuts
